 Dungeon Crawl Stone Soup version 0.25-a0-189-gf71692caf1 (webtiles) character file.

1586797 mrath the Executioner (level 27, 205/254 HPs)
             Began as a Minotaur Fighter on Dec 1, 2016.
             Was a High Priest of Okawaru.
             Escaped with the Orb
             ... and 3 runes on Nov 29, 2019!
             The game lasted 11:53:55 (90180 turns).

mrath the Executioner (Minotaur Fighter)           Turns: 90180, Time: 11:53:55

Health: 205/254    AC: 37    Str: 31    XL:     27
Magic:  34/34      EV: 21    Int:  9    God:    Okawaru [*****.]
Gold:   6265       SH: 27    Dex: 20    Spells: 25/26 levels left

rFire    + + +     SeeInvis +   X - +8 war axe "Dich" {drain, rPois}
rCold    + + .     Gourm    .   t - +1 large shield {reflect}
rNeg     + . .     Faith    .   y - +3 gold dragon scales
rPois    +         Spirit   .   F - +2 hat
rElec    +         Reflect  +   G - +2 cloak {rC+}
rCorr    .         Harm     .   w - +0 pair of gloves of Makhleb {rF++ Dex+4}
MR       +++++     Clarity  +   O - +0 pair of boots {Fly}
Stlth    ..........             u - amulet of the Four Winds {rN+ MR+++ Clar}
HPRegen  0.00/turn              p - ring of Ufitiy {rElec Int+4 Dex+3 Slay+3}
MPRegen  0.24/turn              k - ring of see invisible

@: flying
A: retaliatory headbutt, horns 2, blurry vision 1, inhibited regeneration,
sturdy frame 1
0: Orb of Zot
}: 3/15 runes: barnacled, silver, gossamer
a: Heroism, Finesse, Renounce Religion, Stop Flying


You escaped.
You worshipped Okawaru.
Okawaru was extremely pleased with you.
You were not hungry.

You visited 10 branches of the dungeon, and saw 50 of its levels.
You visited 1 bazaar.
You also visited: Sewer, Ice Cave, Volcano and Desolation.

You collected 9402 gold pieces.
You spent 3137 gold pieces at shops.

Inventory:

Hand Weapons
 o - a +4 morningstar
 I - a +1 quarterstaff of draining
 X - the +8 war axe "Dich" (weapon) {drain, rPois}
   (You took it off a centaur on level 11 of the Dungeon)

   A truly terrible weapon, it drains the life of those it strikes.
   It protects you from poison.
Missiles
 d - 22 silver javelins
 A - 2 boomerangs
 K - 9 javelins (quivered)
 T - 2 silver boomerangs
 U - 7 atropa-tipped darts
Armour
 t - a +1 large shield of reflection (worn)
 w - the +0 pair of gloves of Makhleb (worn) {rF++ Dex+4}
   (You found it in an ice cave)

   It affects your dexterity (+4).
   It greatly protects you from fire.
 y - +3 gold dragon scales (worn)
 F - a +2 hat (worn)
 G - a +2 cloak of cold resistance (worn)
 O - a +0 pair of boots of flying (worn)
 S - a +4 plate armour of fire resistance
Jewellery
 k - a ring of see invisible (right hand)
 p - the ring of Ufitiy (left hand) {rElec Int+4 Dex+3 Slay+3}
   (You bought it in a shop on level 1 of the Vaults)

   [ring of slaying]

   It affects your intelligence (+4).
   It affects your dexterity (+3).
   It affects your accuracy and damage with ranged weapons and melee attacks
   (+3).
   It insulates you from electricity.
 u - the amulet of the Four Winds (around neck) {rN+ MR+++ Clar}
   (You bought it in a shop on level 4 of the Shoals)

   [amulet of nothing]

   It protects you from negative energy.
   It affects your resistance to hostile enchantments.
   It protects you against confusion.
 V - a +5 ring of evasion
Wands
 l - a wand of iceblast (3)
 x - a wand of acid (8)
 B - a wand of removedness (15)
 P - a wand of digging (8)
 Y - a wand of disintegration (16)
Scrolls
 h - 13 scrolls of teleportation
 j - 20 scrolls of remove curse
 n - 9 scrolls of identify
 s - a scroll of enchant armour
 v - 12 scrolls of enchant weapon
 D - 12 scrolls of blinking
 E - 3 scrolls of holy word
 M - 8 scrolls of removedness
 N - 3 scrolls of silence
 Q - 6 scrolls of fog
Potions
 b - 12 potions of heal wounds
 e - 7 potions of haste
 f - 2 potions of resistance
 g - 7 potions of cancellation
 i - 16 potions of curing
 m - 6 potions of might
 r - 8 potions of mutation
 z - 3 potions of invisibility
 H - 11 potions of berserk rage
 R - 5 potions of agility
Miscellaneous
 C - a box of beasts
 J - a lightning rod (4/4)
 L - a phial of floods
 W - a fan of gales
 Z - a lightning rod (4/4)
Comestibles
 c - 26 rations
 q - 3 rations


   Skills:
 + Level 22.0 Fighting
 + Level 24.1(24.8) Axes
 - Level 12.1(19.5) Maces & Flails
 + Level 19.2 Throwing
 + Level 22.2 Armour
 + Level 20.4 Dodging
 + Level 22.3 Shields
 - Level 11.7 Invocations
 + Level 17.6 Evocations


You had 25 spell levels left.
You knew the following spells:

 Your Spells              Type           Power        Failure   Level  Hunger
a - Apportation           Tloc           #.....       97%         1    ##.....
Your spell library was empty.

Dungeon Overview and Level Annotations

Branches:
Dungeon (15/15)            Temple (1/1) D:6            Lair (6/6) D:11
 Shoals (4/4) Lair:2       Spider (4/4) Lair:3        Slime (0/5) Lair:5
    Orc (2/2) D:11            Elf (3/3) Orc:2        Vaults (5/5) D:14
  Crypt (0/3) Vaults:3     Depths (5/5) D:15            Zot (5/5) Depths:5

Altars:
Ashenzari
Cheibriados
Dithmenos
Elyvilon
Fedhas
Gozag
Hepliaklqana
Kikubaaqudgha
Makhleb
Nemelex Xobeh
Okawaru
Qazlal
Ru
Sif Muna
Trog
Uskayaw
Vehumet
Xom
Yredelemnul
Zin
The Shining One
Beogh
Jiyva

Shops:
D:4 *   D:7 [=(   D:9 *   D:14 *   Orc:2 %}(*   Elf:1 [   Elf:2 (   Shoals:2 %
Shoals:4 =   Vaults:1 =   Depths:1 !   Depths:2 (*

Portals:
Hell: Depths:1 Depths:2 Depths:3 Depths:4
Abyss: Depths:3 Depths:4
Pandemonium: Depths:3 Depths:5
Ziggurat: Depths:5

Annotations:
Shoals:3 exclusion: oklob plant
Depths:2 4 runed doors


Innate Abilities, Weirdness & Mutations

You reflexively headbutt those who attack you in melee.
You have a pair of horns on your head.
Scrolls take you a little longer to read.
You do not regenerate when monsters are visible.
Your movements are slightly less encumbered by armour. (ER -2)


Message History

There is a stone staircase leading up here.
You block the gnoll's attack. x3
You fly upwards.
There is a stone staircase leading down here.
(D) Dungeon (T) Temple (L) Lair (A) Shoals (N) Spider Nest (M) Slime Pits (O) Orcish Mines (E) Elven Halls (V) Vaults (C) Crypt (U) Depths (H) Hell (Z) Zot
Where to? (Enter - D:1, ? - help)
There is an open door here.
There is a stone staircase leading up here.
You fly upwards.
There is a stone staircase leading down here.
There is a stone staircase leading up here.
You fly upwards.
There is a stone staircase leading down here.
A red devil comes into view. It is wielding a +0 trident.
A balrug comes into view.
It is wielding a +2 demon whip of freezing.
There is a staircase leading out of the dungeon here.
You have escaped!

...............### #......#.#
..##.###.........## #.##...#.#
..)......#######..# #.######..
.........# ####.## #.# #....
......#..# #.....## #.# #.###
......##.#####.8....## #.# #....
......##.##≈≈≈.......###.# #####
......#####≈≈≈≈.....4.2..########
......# #>≈≈≈.@8..8............
.....## #≈≈§≈.........########.
###### #≈≈≈.........## #.
####.8......## #. #.......## #.
####...## #. ##### #. #. #.


You could see a balrug and a red devil.

Vanquished Creatures
  6 ancient liches
  6 orbs of fire
  Mennas (Depths:4)
  Boris (Vaults:3)
  Xtahua (Depths:4)
  Saint Roka (Depths:3)
  5 curse toes
  Margery (Vaults:5)
  Frederick (Depths:3)
  7 Killer Klowns (Zot:5)
  2 caustic shrikes (Depths:3)
  14 golden dragons
  5 electric golems
  A lich (Depths:2)
  A Tzitzimitl (D:10)
  Jorgrun (Depths:1)
  21 tentacled monstrosities
  25 Orb Guardians
  An Ice Fiend (IceCv)
  2 deep elf blademasters (Elf:3)
  Asterion (Vaults:1)
  A deep elf master archer (Elf:3)
  4 titans
  11 quicksilver dragons
  12 sphinxes
  9 death cobs
  A kraken (Shoals:4)
  Polyphemus (Shoals:2)
  16 storm dragons
  5 tengu reavers
  Kirke (Shoals:1)
  21 shadow dragons
  Donald (Spider:1)
  7 draconian monks
  Ilsuiw (Shoals:4)
  3 draconian knights
  3 iron dragons
  10 frost giants
  15 fire giants
  4 draconian scorchers
  3 orc warlords
  Louise (D:14)
  Aizul (Elf:2)
  5 ghost moths
  3 imperial myrmidons (Desolation)
  5 emperor scorpions
  11 deep elf sorcerers
  19 vault wardens
  5 draconian stormcallers
  3 draconian annihilators
  2 spriggan defenders
  2 deep elf elementalists (Elf:3)
  5 war gargoyles
  6 draconian shifters
  21 stone giants
  A juggernaut skeleton (Depths:4)
  29 very ugly things
  19 ironheart preservers
  3 vampire knights
  An entropy weaver (Vaults:3)
  9 large abominations
  Azrael (D:15)
  22 black draconians
  7 green draconians
  A halazid warlock (Desolation)
  A spark wasp (shapeshifter) (Vaults:1)
  10 purple draconians
  12 deep elf demonologists
  8 deep elf annihilators
  10 spark wasps
  7 red draconians
  7 yellow draconians
  7 white draconians
  12 deep elf death magi
  2 crystal guardians (Desolation)
  4 merfolk javelineers (Shoals:4)
  16 ettins
  10 merfolk impalers
  21 fire dragons
  3 jiangshi (Depths:3)
  16 yaktaur captains
  6 deep elf high priests
  The ghost of stickyfingers the Carver, a journeyman DEAr of Kikubaaqudgha (Lair:5)
  8 ragged hierophants (Desolation)
  Harold (D:12)
  19 ice dragons
  10 great orbs of eyes
  35 vault guards
  2 merfolk avatars
  9 hydras
  8 rakshasas
  A hydra (shapeshifter) (D:15)
  8 servants of whispers (Desolation)
  A monstrous demonspawn (Depths:5)
  13 peacekeepers (Desolation)
  5 spriggan air magi
  8 centaur warriors
  8 catoblepae
  4 alligator snapping turtles
  A ghost crab (shapeshifter) (D:14)
  5 merfolk aquamancers (Shoals:4)
  The ghost of Soeti the Cleaver, a journeyman DsFi of Makhleb (D:11)
  3 anacondas (Depths:3)
  A satyr (Shoals:4)
  A hell beast (Depths:1)
  4 death knights
  29 dancing weapons
  9 deep troll earth magi
  11 tengu warriors
  16 ogre magi
  8 deep troll shamans
  3 vampire magi
  10 orc high priests (Orc:2)
  24 deep elf knights
  8 death yaks
  10 spriggan berserkers
  6 hell knights
  A death drake (shapeshifter) (Vaults:1)
  8 iron trolls
  8 unseen horrors
  A sixfirhy (D:11)
  34 deep trolls
  2 unseen horrors (shapeshifter)
  5 small abominations
  3 glowing orange brains
  6 sea snakes
  A shadow demon (Depths:5)
  A skeletal warrior (Vaults:1)
  2 spriggan druids (Depths:3)
  6 removed MONS_HILL_GIANTs
  13 deep elf archers
  3 flayed ghosts
  2 wizards
  5 phantasmal warriors
  A gelid demonspawn (Depths:5)
  18 ironbrand convokers
  4 necromancers
  A lindwurm (Depths:3)
  16 orc knights
  13 harpies
  29 wolf spiders
  6 orc sorcerers
  81 deep elf magi
  15 orb spiders
  A salamander (shapeshifter) (D:15)
  6 cyclopes
  22 manticores
  7 fauns
  A shining eye (shapeshifter) (D:14)
  A salamander (Depths:5)
  53 ugly things
  27 moths of wrath
  A faun (shapeshifter) (Depths:4)
  A frost giant skeleton (Vaults:4)
  3 rust devils
  A black mamba (shapeshifter) (Depths:4)
  2 torpor snails
  An ice statue (IceCv)
  Joseph (D:8)
  2 molten gargoyles
  7 water nymphs
  10 merfolk sirens
  A guardian serpent (Desolation)
  11 vault sentinels
  5 elephants
  A guardian serpent (shapeshifter) (Depths:4)
  7 black mambas
  35 spiny frogs
  A torpor snail (shapeshifter) (Vaults:5)
  A gargoyle (D:11)
  An eye of devastation (Vaults:1)
  An orange demon (Depths:5)
  7 komodo dragons
  2 kobold demonologists (D:14)
  14 demonic crawlers
  26 yaktaurs
  An efreet (D:15)
  A human skeleton (Vaults:4)
  4 ice devils (IceCv)
  11 freezing wraiths
  A yaktaur (shapeshifter) (Vaults:5)
  A rime drake (Lair:2)
  2 queen bees
  5 trolls
  6 anaconda simulacra (IceCv)
  A golden dragon simulacrum (IceCv)
  23 jumping spiders
  A spriggan skeleton (Depths:1)
  3 tengu conjurers
  A merfolk (shapeshifter) (Vaults:1)
  A raiju (shapeshifter) (Vaults:1)
  5 wind drakes (Shoals:3)
  4 tyrant leeches (Lair:6)
  40 merfolk
  2 polar bears (shapeshifter)
  6 meliai
  A red devil (Depths:1)
  A polar bear (Lair:6)
  40 two-headed ogres
  33 blink frogs
  24 hornets
  A tengu simulacrum (Vaults:4)
  53 saltlings (Desolation)
  Prince Ribbit (D:7)
  16 slime creatures
  6 dream sheep
  6 snapping turtles
  16 hippogriffs
  7 air elementals
  A spriggan simulacrum (Depths:4)
  15 spriggans
  13 water elementals
  A redback (shapeshifter) (Vaults:1)
  A wyvern (shapeshifter) (Depths:2)
  A dire elephant simulacrum (IceCv)
  7 wraiths
  2 shadows (D:15)
  61 redbacks
  2 spriggans (shapeshifter)
  7 wyverns
  A hog (Shoals:1)
  A human (shapeshifter) (Elf:1)
  9 basilisks
  A yak (shapeshifter) (Vaults:3)
  24 tarantellas
  A fire bat (shapeshifter) (Vaults:3)
  46 yaks
  2 fire elementals (D:15)
  A hog (shapeshifter) (Vaults:1)
  2 elf skeletons (Depths:4)
  3 chaos spawn
  Grum (D:8)
  4 hungry ghosts
  A yaktaur simulacrum (Depths:1)
  A basilisk (shapeshifter) (Depths:1)
  16 wargs
  6 vampire mosquitoes (Lair:6)
  2 soldier ants
  A warg (shapeshifter) (Depths:3)
  An acid dragon (D:15)
  3 harpy simulacra (IceCv)
  2 soldier ants (shapeshifter)
  A water moccasin (shapeshifter) (Vaults:5)
  6 hell hounds
  2 floating eyes
  3 hydra simulacra (IceCv)
  14 water moccasins
  A floating eye (shapeshifter) (Vaults:1)
  36 orc warriors
  5 sky beasts
  10 porcupines
  2 ice beasts
  A phantom (D:9)
  4 black bears
  10 wolves
  50 ogres
  An alligator simulacrum (IceCv)
  An ettin simulacrum (IceCv)
  An eye of draining (D:13)
  5 boggarts (Depths:4)
  8 centaurs
  A wolf (shapeshifter) (Elf:1)
  The ghost of Xiguana the Magician, an amateur DgWz (D:3)
  A centaur (shapeshifter) (Vaults:1)
  29 crocodiles
  7 big kobolds
  30 bullfrogs
  A big kobold (shapeshifter) (D:14)
  5 earth elementals
  A glowing shapeshifter simulacrum (Vaults:4)
  A gnoll sergeant (D:12)
  3 scorpions
  53 killer bees
  15 wights
  3 electric eels
  5 crimson imps
  3 howler monkeys
  6 draconian simulacra (IceCv)
  A human simulacrum (Vaults:3)
  4 bullfrog zombies
  5 centaur zombies
  A quasit (D:14)
  4 centaur skeletons
  5 hounds
  8 jellies
  A gnoll shaman (D:4)
  40 orc priests
  31 orc wizards
  4 bullfrog skeletons
  6 iguanas
  Natasha (thrice) (D:2)
  12 worker ants
  6 hell rats
  2 polar bear simulacra (IceCv)
  3 troll simulacra (IceCv)
  3 centaur simulacra (IceCv)
  A worker ant zombie (D:8)
  8 gnolls
  18 adders
  2 howler monkey skeletons
  3 naga simulacra (IceCv)
  A river rat (D:5)
  6 shadow imps
  4 white imps
  11 ufetubi
  2 adder zombies (D:9)
  2 adder skeletons
  A worm (D:5)
  5 dart slugs
  2 leopard geckos
  124 orcs
  4 giant cockroaches
  4 goblins
  13 hobgoblins
  10 jackals
  3 quokkas
  9 bats
  2 frilled lizards (D:1)
  20 kobolds
  A leopard gecko skeleton (D:5)
  A quokka skeleton (D:7)
  9 rats
  A bush (D:11)
  6 fungi
  4 plants
  A withered plant (Shoals:1)
2710 creatures vanquished.

Vanquished Creatures (others)
  A tentacled monstrosity (Zot:3)
  A lich (Vaults:4)
  A deep elf master archer (Elf:3)
  A merfolk javelineer (Shoals:1)
  5 yaktaur captains
  A merfolk aquamancer (Shoals:4)
  2 centaur warriors
  2 deep elf knights
  5 deep elf archers
  A wizard (Depths:2)
  A faun (Shoals:2)
  A moth of wrath (Zot:5)
  A vault sentinel (Vaults:5)
  7 yaktaurs
  2 humans (Shoals:1)
  3 ogres
  An orc priest (Vaults:4)
  A white imp (IceCv)
  An ufetubus (IceCv)
  2 orcs
  6 bushes
  47 fungi
  118 plants
  4 tentacles (Shoals:4)
215 creatures vanquished.

Grand Total: 2925 creatures vanquished

Notes
Turn   | Place    | Note
-------+----------+-------------------------------------------
     0 | D:1      | mrath the Minotaur Fighter began the quest for the Orb.
     0 | D:1      | Reached XP level 1. HP: 19/19 MP: 0/0
   103 | D:1      | Reached XP level 2. HP: 26/26 MP: 1/1
   600 | D:1      | Reached XP level 3. HP: 31/31 MP: 2/2
   921 | D:2      | Noticed Natasha
   926 | D:2      | Killed Natasha
   926 | D:2      | Reached skill level 5 in Maces & Flails
   926 | D:2      | Reached XP level 4. HP: 39/39 MP: 3/3
   979 | D:2      | Noticed Natasha
   986 | D:2      | Killed Natasha
  1112 | D:2      | Noticed Natasha
  1118 | D:2      | Killed Natasha
  1373 | D:2      | Reached XP level 5. HP: 42/45 MP: 4/4
  1553 | D:2      | Found a deep blue altar of Sif Muna.
  1734 | D:3      | Noticed Xiguana's ghost (amateur DgWz)
  1746 | D:3      | Killed Xiguana's ghost
  2646 | D:4      | Reached XP level 6. HP: 46/51 MP: 5/5
  2886 | D:4      | Got a pitted crystal amulet
  3320 | D:4      | Reached XP level 7. HP: 38/57 MP: 6/6
  3453 | D:4      | Found a snail-covered altar of Cheibriados.
  3618 | D:4      | Found Oczokk's Assorted Antiques.
  3787 | D:4      | Identified the amulet of Gorust {+Rage rPois MR++ Dex+2}
                  | (You found it on level 4 of the Dungeon)
  3795 | D:5      | Entered Level 5 of the Dungeon
  4249 | D:5      | Found a glowing drain.
  4280 | Sewer    | Entered a sewer
  4760 | D:5      | Reached skill level 1 in Throwing
  4760 | D:5      | Reached skill level 1 in Dodging
  4824 | D:6      | Found a staircase to the Ecumenical Temple.
  4836 | D:6      | Reached skill level 1 in Evocations
  4865 | Temple   | Entered the Ecumenical Temple
  4948 | Temple   | Became a worshipper of Warmaster Okawaru
  5270 | D:6      | Got a faintly humming leather armour
  5602 | D:6      | Reached XP level 8. HP: 65/66 MP: 6/8
  5745 | D:6      | Found a shadowy altar of Dithmenos.
  6301 | D:7      | Reached skill level 10 in Maces & Flails
  6331 | D:7      | Found Jeotiam's Antique Armour Boutique.
  6426 | D:7      | Found Tofuku's Weapon Shoppe.
  6517 | D:7      | Reached * piety under Okawaru
  6517 | D:7      | Reached skill level 5 in Armour
  6584 | D:7      | Found Lux Yxotz's Jewellery Emporium.
  6610 | D:7      | Reached skill level 5 in Fighting
  6662 | D:7      | Noticed Prince Ribbit
  6678 | D:7      | Killed Prince Ribbit
  6766 | D:7      | Reached skill level 5 in Shields
  6963 | D:7      | Reached XP level 9. HP: 74/74 MP: 8/10
  7014 | D:7      | Reached ** piety under Okawaru
  7151 | D:8      | Noticed Grum
  7182 | D:8      | Killed Grum
  7517 | D:7      | Reached *** piety under Okawaru
  8018 | D:8      | Noticed Joseph
  8032 | D:8      | Killed Joseph
  8490 | D:9      | Reached XP level 10. HP: 52/84 MP: 11/11
  8666 | D:9      | Found Faagg's General Store.
  8674 | D:9      | Bought a scroll of identify for 26 gold pieces
  8741 | D:9      | Reached skill level 5 in Dodging
  8848 | D:9      | Reached **** piety under Okawaru
  9191 | D:9      | Killed an unseen horror
  9370 | D:9      | Paralysed by a floating eye for 4 turns
  9377 | D:9      | Reached skill level 5 in Throwing
  9831 | D:9      | Received a gift from Okawaru
  9911 | D:9      | Noticed a hill giant
  9920 | D:9      | Killed a hill giant
  9947 | D:10     | Entered Level 10 of the Dungeon
 10818 | D:9      | Received a gift from Okawaru
 10843 | D:10     | Reached XP level 11. HP: 89/94 MP: 10/13
 11010 | D:10     | Killed an unseen horror
 11010 | D:10     | Reached ***** piety under Okawaru
 11010 | D:10     | Reached skill level 5 in Evocations
 11601 | D:11     | Noticed a hill giant
 11619 | D:11     | Killed a hill giant
 11996 | D:11     | Reached skill level 1 in Invocations
 12498 | D:11     | Noticed Soeti's ghost (journeyman DsFi)
 12573 | D:11     | Killed Soeti's ghost
 12591 | D:11     | Found a staircase to the Lair.
 12834 | D:11     | Received a gift from Okawaru
 12866 | D:11     | Found a staircase to the Orcish Mines.
 13101 | D:11     | Got an uncursed iridescent war axe {drain}
 13102 | D:11     | Identified the +8 war axe "Dich" {drain, rPois} (You took
                  | it off a centaur on level 11 of the Dungeon)
 13556 | Lair:1   | Entered Level 1 of the Lair of Beasts
 13830 | Lair:1   | Received a gift from Okawaru
 14003 | Lair:1   | Noticed a five-headed hydra
 14012 | Lair:1   | Killed a five-headed hydra
 14012 | Lair:1   | Reached skill level 1 in Axes
 14012 | Lair:1   | Reached XP level 12. HP: 104/104 MP: 7/15
 14033 | Lair:1   | Received a gift from Okawaru
 14384 | Lair:2   | Reached skill level 2 in Axes
 14434 | Lair:2   | Found a dark tunnel.
 14458 | Volcano  | Entered a volcano
 14479 | Lair:2   | HP: 1/104 [molten gargoyle/bolt of magma (8)]
 14895 | Lair:2   | Reached skill level 3 in Axes
 15330 | Lair:1   | Received a gift from Okawaru
 15330 | Lair:1   | Reached skill level 4 in Axes
 15682 | Lair:2   | Reached skill level 5 in Axes
 15697 | Lair:2   | Found a staircase to the Shoals.
 15707 | Lair:2   | Noticed a catoblepas
 16390 | Lair:2   | Killed a catoblepas
 16430 | Lair:2   | Reached skill level 6 in Axes
 16607 | Lair:2   | Reached XP level 13. HP: 111/111 MP: 17/17
 16770 | Lair:2   | Identified the Papyrus of Illusion
 17347 | Lair:2   | Reached skill level 10 in Armour
 17885 | Lair:3   | Reached skill level 5 in Invocations
 18110 | Lair:3   | Reached skill level 10 in Shields
 18178 | Lair:3   | Found a hole to the Spider Nest.
 18597 | Lair:3   | Received a gift from Okawaru
 18765 | Lair:4   | Reached skill level 10 in Fighting
 18791 | Lair:4   | Reached skill level 7 in Axes
 18829 | Lair:4   | Got a brightly glowing chain mail
 18830 | Lair:4   | Identified the +3 chain mail of the Leaf {SInv} (You found
                  | it on level 4 of the Lair of Beasts)
 19833 | Lair:5   | Noticed stickyfingers's ghost (journeyman DEAr)
 19850 | Lair:5   | Killed stickyfingers's ghost
 19850 | Lair:5   | Reached skill level 8 in Axes
 19989 | Lair:5   | Found a viscous altar of Jiyva.
 19990 | Lair:5   | Found a staircase to the Slime Pits.
 20003 | Lair:5   | Found an ancient bone altar of Kikubaaqudgha.
 21184 | Lair:6   | Entered Level 6 of the Lair of Beasts
 21523 | Lair:6   | Received a gift from Okawaru
 21792 | Lair:6   | Reached skill level 9 in Axes
 21792 | Lair:6   | Reached XP level 14. HP: 122/122 MP: 18/18
 21801 | Lair:6   | Received a gift from Okawaru
 21989 | Lair:6   | Received a gift from Okawaru
 23040 | Lair:6   | Got a pitted rapier
 23404 | Lair:6   | Reached skill level 10 in Axes
 24098 | Orc:1    | Entered Level 1 of the Orcish Mines
 24424 | Orc:2    | Entered Level 2 of the Orcish Mines
 24500 | Orc:2    | Received a gift from Okawaru
 24828 | Orc:2    | Found a roughly hewn altar of Beogh.
 24914 | Orc:2    | Noticed a stone giant
 25128 | Orc:2    | Found a staircase to the Elven Halls.
 25275 | Orc:2    | Received a gift from Okawaru
 26017 | Orc:2    | Killed a stone giant
 26017 | Orc:2    | Reached skill level 10 in Dodging
 26067 | Orc:2    | Received a gift from Okawaru
 26097 | Orc:2    | Noticed an orc warlord
 26249 | Orc:2    | Killed an orc warlord
 26275 | Orc:2    | Reached skill level 11 in Axes
 26310 | Orc:2    | Noticed an orc warlord
 26315 | Orc:2    | Killed an orc warlord
 26318 | Orc:2    | Reached XP level 15. HP: 130/130 MP: 12/20
 26640 | Orc:2    | Found Kida's Food Boutique.
 26640 | Orc:2    | Found Guotury's Gadget Emporium.
 26671 | Orc:2    | Found a roughly hewn altar of Beogh.
 26746 | Orc:2    | Found Icoasheu's General Store.
 26746 | Orc:2    | Found Itsidiw's Antique Weapon Boutique.
 27077 | D:4      | Bought a scroll of identify for 50 gold pieces
 27434 | D:12     | Noticed Harold
 27443 | D:12     | Killed Harold
 27672 | D:12     | Found a stormy altar of Qazlal.
 27674 | D:12     | Found a gateway to a bazaar.
 27704 | Bazaar   | Entered a bazaar
 27706 | Bazaar   | Found Iplonidde's Weapon Boutique.
 27710 | Bazaar   | Found Emorant's Gadget Boutique.
 27710 | Bazaar   | Found Waeduosu's Weapon Boutique.
 27711 | Bazaar   | Found Atistuga's Antique Armour Boutique.
 27755 | Bazaar   | Bought a pitted chain mail for 152 gold pieces
 27755 | Bazaar   | Identified the +3 chain mail "Sewk" {+Blink rElec rF-} (You
                  | bought it in a shop in a bazaar)
 28708 | Lair:2   | Upgraded the game from 0.20-a0-251-g16a58bf to
                  | 0.20-a0-268-gb6bde61
 29422 | D:14     | Found Gozag's Platinum Reserve.
 29422 | D:14     | Found an opulent altar of Gozag.
 29661 | D:14     | Noticed Louise
 29676 | D:14     | Killed Louise
 30015 | D:14     | Reached skill level 12 in Axes
 30122 | D:14     | Found a gate to the Vaults.
 30230 | D:14     | Reached skill level 10 in Throwing
 30344 | D:14     | Gained mutation: You tend to lose your temper in combat. [a
                  | shining eye]
 30428 | D:15     | Entered Level 15 of the Dungeon
 30428 | D:15     | Found a staircase to the Depths.
 30428 | D:15     | Noticed a fire giant
 30438 | D:15     | Killed a fire giant
 30521 | D:15     | Received a gift from Okawaru
 30604 | D:15     | Reached ****** piety under Okawaru
 30784 | D:15     | Received a gift from Okawaru
 30998 | D:15     | Received a gift from Okawaru
 31290 | D:15     | Received a gift from Okawaru
 31493 | D:15     | Noticed Azrael
 31507 | D:15     | Killed Azrael
 31507 | D:15     | Reached XP level 16. HP: 64/139 MP: 21/21
 31521 | D:15     | Received a gift from Okawaru
 32254 | D:15     | Found a shimmering altar of Xom.
 32491 | Spider:1 | Entered Level 1 of the Spider Nest
 32500 | Spider:1 | Reached skill level 13 in Axes
 32539 | Spider:1 | Noticed Donald
 32558 | Spider:1 | Killed Donald
 32765 | Spider:1 | Received a gift from Okawaru
 33735 | Spider:2 | Upgraded the game from 0.20-a0-268-gb6bde61 to
                  | 0.20-a0-269-g17f5411
 33795 | Spider:1 | Learned a level 1 spell: Apportation
 34031 | D:9      | Bought the +9 plate armour of Xyboss {rPois} for 1029 gold
                  | pieces
 34429 | Spider:2 | Received a gift from Okawaru
 34675 | Spider:2 | Received a gift from Okawaru
 36382 | Spider:3 | Reached skill level 14 in Axes
 36470 | Spider:4 | Entered Level 4 of the Spider Nest
 37301 | Spider:4 | Reached XP level 17. HP: 94/148 MP: 23/23
 37311 | Spider:4 | Received a gift from Okawaru
 37495 | Spider:4 | Got a faintly humming cloak {god gift}
 37496 | Spider:4 | Identified the +1 cloak of the Untouchables {Str+2 Int+3}
                  | (Okawaru gifted it to you on level 4 of the Spider Nest)
 37613 | Spider:4 | Paralysed by a hornet for 1 turns
 38119 | Spider:4 | Got a gossamer rune of Zot
 38305 | Lair:2   | Upgraded the game from 0.20-a0-269-g17f5411 to
                  | 0.20-a0-270-g8e735b6
 38327 | Shoals:1 | Entered Level 1 of the Shoals
 38912 | Shoals:1 | Noticed Kirke
 38925 | Shoals:1 | Killed Kirke
 39279 | Shoals:1 | Reached skill level 10 in Evocations
 39344 | Shoals:2 | Found a frozen archway.
 39353 | Shoals:2 | Noticed Polyphemus
 39378 | Shoals:1 | Reached skill level 15 in Axes
 39473 | Shoals:2 | Killed Polyphemus
 39712 | IceCv    | Entered an ice cave
 39832 | IceCv    | Received a gift from Okawaru
 40899 | IceCv    | Noticed an Ice Fiend
 40983 | IceCv    | Killed an Ice Fiend
 41629 | IceCv    | Got a pair of ichor-stained gloves
 41670 | IceCv    | Identified the +0 pair of gloves of Makhleb {rF++ Dex+4}
                  | (You found it in an ice cave)
 41887 | Shoals:2 | Reached skill level 10 in Invocations
 41958 | Shoals:2 | Found Causoifi's Food Shoppe.
 43431 | Shoals:3 | Received a gift from Okawaru
 43458 | Shoals:3 | Got a fine broad axe {god gift}
 43481 | Shoals:3 | Identified the +6 broad axe "Kaaggi" {protect, *Rage +Inv
                  | rElec MR-} (Okawaru gifted it to you on level 3 of the
                  | Shoals)
 43917 | Shoals:3 | Reached XP level 18. HP: 156/157 MP: 24/24
 44253 | Shoals:4 | Entered Level 4 of the Shoals
 44275 | Shoals:4 | Found Gaan's Jewellery Shop.
 44290 | Shoals:4 | Bought the amulet of the Four Winds {rN+ MR+++ Clar} for
                  | 418 gold pieces
 45258 | Shoals:4 | Reached skill level 16 in Axes
 45485 | Shoals:4 | Received a gift from Okawaru
 45948 | Shoals:4 | Upgraded the game from 0.20-a0-270-g8e735b6 to
                  | 0.20-a0-299-gec7c366
 46007 | Shoals:4 | Got a barnacled rune of Zot
 46260 | Shoals:4 | Noticed Ilsuiw
 46294 | Shoals:4 | Killed Ilsuiw
 46726 | Elf:1    | Entered Level 1 of the Elven Halls
 46778 | Elf:1    | Found Jeplynew's Armour Boutique.
 47368 | Elf:1    | Identified the Catalogue of Damage Dealing
 47535 | Elf:1    | Received a gift from Okawaru
 48278 | Elf:1    | Received a gift from Okawaru
 48533 | Elf:1    | Reached XP level 19. HP: 153/167 MP: 26/26
 48693 | Elf:2    | Noticed Aizul
 48714 | Elf:2    | Killed Aizul
 49186 | Elf:2    | Received a gift from Okawaru
 49186 | Elf:2    | Reached skill level 17 in Axes
 49280 | Elf:2    | Found Boamibb's Weapon Emporium.
 49494 | Elf:2    | Found a huge runed gate.
 49494 | Elf:2    | Found a huge runed gate.
 49494 | Elf:2    | Found a huge runed gate.
 49494 | Elf:2    | Found a huge runed gate.
 49496 | Elf:2    | Found a huge runed gate.
 49897 | Elf:2    | Received a gift from Okawaru
 50518 | Elf:3    | Entered Level 3 of the Elven Halls
 50821 | Elf:3    | Received a gift from Okawaru
 51683 | Elf:3    | Upgraded the game from 0.20-a0-299-gec7c366 to
                  | 0.20-a0-331-g5b3579f
 52725 | Elf:3    | Received a gift from Okawaru
 53193 | Elf:3    | Noticed a Tzitzimitl
 53426 | Elf:3    | Got an ancient spear {flame}
 53444 | Elf:3    | Got a faintly glowing bronze ring
 53533 | Elf:3    | Reached XP level 20. HP: 136/177 MP: 27/27
 53712 | Elf:3    | Identified the ring of Yletyeg {rF+ Str+2 Int+3 Dex+5} (You
                  | took it off a deep elf annihilator on level 3 of the Elven
                  | Halls)
 54120 | Lair:2   | Identified the +8 spear of Kepisixi {flame, *Slow rPois
                  | Dex+6 SInv} (You took it off a deep elf high priest on
                  | level 3 of the Elven Halls)
 54121 | Lair:2   | Upgraded the game from 0.20-a0-331-g5b3579f to
                  | 0.20-a0-345-gbfb25ec
 54121 | Lair:2   | Identified a +8 rod of shadows (12/12) (You took it off a
                  | deep elf demonologist on level 3 of the Elven Halls)
 54122 | Lair:2   | Identified a +0 rod of clouds (13/13) (You took it off a
                  | deep elf annihilator on level 3 of the Elven Halls)
 54307 | Vaults:1 | Entered Level 1 of the Vaults
 54324 | Vaults:1 | Received a gift from Okawaru
 54386 | Vaults:1 | Reached skill level 15 in Armour
 54719 | Vaults:1 | Reached skill level 18 in Axes
 54745 | Vaults:1 | Noticed Asterion
 54761 | Vaults:1 | Killed Asterion
 54761 | Vaults:1 | Reached skill level 15 in Shields
 54789 | Vaults:1 | Reached skill level 15 in Fighting
 55233 | Vaults:1 | Found Zemmip's Jewellery Shop.
 55240 | Vaults:1 | Received a gift from Okawaru
 55265 | Vaults:1 | Got turquoise-encrusted steam dragon scales {god gift}
 56080 | Vaults:1 | Got crude ice dragon scales
 56119 | Vaults:1 | Identified the +2 ice dragon scales of the Five Continents
                  | {+Fly rF- rC++ Str+2} (You took it off an orc knight on
                  | level 1 of the Vaults)
 56120 | Vaults:1 | Identified the +2 steam dragon scales of Hairiness {rPois
                  | Str-3 Int+6} (Okawaru gifted it to you on level 1 of the
                  | Vaults)
 57031 | Vaults:2 | Received a gift from Okawaru
 57922 | Vaults:2 | Reached XP level 21. HP: 185/185 MP: 26/29
 58390 | Vaults:3 | Found a staircase to the Crypt.
 58390 | Vaults:3 | Found a basalt altar of Yredelemnul.
 58391 | Vaults:3 | Found an ancient bone altar of Kikubaaqudgha.
 58446 | Vaults:3 | Noticed Boris
 58468 | Vaults:3 | Killed Boris
 59151 | Vaults:3 | Received a gift from Okawaru
 59902 | Vaults:4 | Got a crystal morningstar
 59903 | Vaults:4 | Identified the +8 morningstar of Reczy {flame, rF- Int+4
                  | Dex+2 Stlth-} (You found it on level 4 of the Vaults)
 59911 | Vaults:4 | Found a ruined gateway.
 59939 | Desolati | Entered the Desolation of Salt
 60099 | Desolati | Got a vibrating pewter ring
 60100 | Desolati | Identified Umeapik's Collected Works on Ashen Flames
 60106 | Desolati | Identified the ring "Difedug" {*Slow +Inv MR+ Stlth+} (You
                  | found it in the Desolation of Salt)
 60148 | Desolati | Reached skill level 19 in Axes
 60306 | Desolati | Received a gift from Okawaru
 60346 | Desolati | Got a serpentine granite ring
 60392 | Desolati | Got a diamond-studded chain mail
 60452 | Desolati | Reached skill level 15 in Dodging
 60547 | Desolati | Got a clouded ivory amulet
 60550 | Desolati | Identified Sif Muna's Incunabulum of the Supportive
                  | Arsonist
 60775 | Desolati | Identified the ring of Rusefenn {*Corrode +Fly rPois Dex+7
                  | Stlth+} (You found it in the Desolation of Salt)
 60776 | Desolati | Identified the amulet "Vyrchup" {rN+ Regen+} (You found it
                  | in the Desolation of Salt)
 61162 | Vaults:4 | Reached XP level 22. HP: 196/196 MP: 30/30
 61626 | Lair:2   | Upgraded the game from 0.20-a0-345-gbfb25ec to
                  | 0.20-a0-350-ga83eecc
 62907 | Vaults:3 | Identified a +4 rod of clouds (4/10) (You took it off a
                  | vault guard on level 3 of the Vaults)
 63154 | Depths:1 | Entered Level 1 of the Depths
 63422 | Depths:1 | Received a gift from Okawaru
 63727 | Depths:1 | Noticed Jorgrun
 63739 | Depths:1 | Killed Jorgrun
 64386 | Depths:1 | Received a gift from Okawaru
 64412 | Depths:1 | Found Zunem's Distillery.
 64435 | Depths:1 | Found a gateway to Hell.
 64646 | Depths:2 | Found a glowing golden altar of the Shining One.
 64930 | Depths:2 | Found a large runed door.
 65456 | Depths:2 | Found Cemiude's General Store.
 65591 | Depths:2 | Reached skill level 15 in Throwing
 65634 | Depths:2 | Found a large runed door.
 65714 | Depths:2 | Found a large runed door.
 65758 | Depths:2 | Received a gift from Okawaru
 65933 | Depths:2 | Reached XP level 23. HP: 184/206 MP: 32/32
 66050 | Depths:2 | Found a large runed door.
 66168 | Depths:2 | Found Tuwad's Antique Weapon Shoppe.
 66311 | Depths:2 | Found a large runed door.
 66392 | Depths:2 | Found a large runed door.
 66392 | Depths:2 | Found a large runed door.
 66788 | Depths:3 | Noticed Frederick
 66801 | Depths:3 | Killed Frederick
 66842 | Depths:3 | Received a gift from Okawaru
 66879 | Depths:3 | Found a one-way gate leading to the halls of Pandemonium.
 67073 | Depths:3 | Noticed Saint Roka
 67164 | Depths:3 | Found a one-way gate to the infinite horrors of the Abyss.
 67284 | Depths:3 | Killed Saint Roka
 67284 | Depths:3 | Reached skill level 20 in Axes
 67984 | Depths:3 | Received a gift from Okawaru
 68148 | Depths:3 | Noticed a caustic shrike
 68167 | Depths:3 | Killed a caustic shrike
 68214 | Depths:3 | Got a fine granite ring
 68217 | Depths:3 | Identified the ring "Xaopn" {*Slow rPois MR+ EV+3 Str+4}
                  | (You took it off a spriggan rider on level 3 of the Depths)
 68326 | Depths:3 | Noticed a caustic shrike
 68337 | Depths:3 | Killed a caustic shrike
 68506 | Depths:3 | Upgraded the game from 0.20-a0-350-ga83eecc to
                  | 0.20-a0-351-gc9b4002
 69066 | Depths:4 | Received a gift from Okawaru
 69107 | Depths:4 | Got a bloodstained war axe {god gift}
 69328 | Depths:4 | Identified the +2 war axe "Veerphec" {elec, rC+ Str+5}
                  | (Okawaru gifted it to you on level 4 of the Depths)
 69386 | Depths:4 | Received a gift from Okawaru
 69571 | Depths:4 | Noticed Xtahua
 69635 | Depths:4 | Killed Xtahua
 69855 | Depths:4 | Received a gift from Okawaru
 69882 | Depths:4 | Reached XP level 24. HP: 128/217 MP: 32/32
 69892 | Depths:4 | Received a gift from Okawaru
 71352 | Depths:4 | Noticed Mennas
 71383 | Depths:4 | Killed Mennas
 71494 | Depths:5 | Entered Level 5 of the Depths
 71516 | Depths:5 | Received a gift from Okawaru
 71528 | Depths:5 | Found a gateway to a ziggurat.
 71533 | Depths:5 | Paralysed by a floating eye for 3 turns
 71609 | Depths:5 | Received a gift from Okawaru
 72375 | Depths:5 | Received a gift from Okawaru
 72375 | Depths:5 | Reached skill level 21 in Axes
 72712 | Depths:5 | Found a gate to the Realm of Zot.
 72721 | Depths:5 | Received a gift from Okawaru
 72741 | Depths:5 | Got a silken robe {god gift}
 72924 | Depths:5 | Paralysed by a floating eye for 2 turns
 72931 | Depths:5 | Paralysed by a floating eye for 3 turns
 73541 | Depths:2 | Found a large runed door.
 73565 | Depths:2 | Got a serpentine graven amulet
 73578 | Depths:2 | Identified the amulet of Brilliance {Inacc rElec} (You
                  | found it on level 2 of the Depths)
 74108 | Vaults:5 | Entered Level 5 of the Vaults
 74134 | Vaults:5 | Reached XP level 25. HP: 137/226 MP: 28/33
 74528 | Vaults:4 | Received a gift from Okawaru
 74556 | Vaults:5 | Reached skill level 15 in Evocations
 74562 | Vaults:4 | Received a gift from Okawaru
 74798 | Vaults:4 | Got an encrusted falchion {venom}
 74819 | Vaults:5 | Received a gift from Okawaru
 75018 | Vaults:5 | Upgraded the game from 0.20-a0-351-gc9b4002 to
                  | 0.20-a0-463-g5747544
 75042 | Vaults:5 | Got a blackened demon whip
 75067 | Vaults:5 | Noticed Margery
 75086 | Vaults:5 | Killed Margery
 75086 | Vaults:5 | Received a gift from Okawaru
 75167 | Vaults:5 | Got a silver rune of Zot
 75196 | Vaults:5 | Got a faintly glowing plate armour
 75260 | Vaults:5 | Got a crude zirconium amulet
 75286 | Vaults:5 | Identified the Collected Works on Supportive Translocation
 75350 | Vaults:5 | Identified the cursed +3 falchion "Ucain" {venom, rPois
                  | Int+4 SInv Stlth-} (You took it off a yaktaur captain on
                  | level 4 of the Vaults)
 75358 | Vaults:5 | Identified the cursed +1 plate armour "Sukajem" {rPois}
                  | (You took it off a vault warden on level 5 of the Vaults)
 75896 | Lair:2   | Reached skill level 22 in Axes
 75927 | Lair:2   | Identified the +0 demon whip of the Purple Skies {venom,
                  | Fragile rElec Str-3 Int+8} (You found it on level 5 of the
                  | Vaults)
 75976 | Lair:2   | Identified the amulet "Pephus" {RegenMP MR+ Int+5 Dex-5
                  | SInv} (You took it off a vault warden on level 5 of the
                  | Vaults)
 76750 | Vaults:5 | Reached XP level 26. HP: 238/238 MP: 33/33
 76828 | Vaults:5 | Got a brightly glowing scale mail {god gift}
 77791 | Vaults:1 | Bought the ring of Ufitiy {rElec Int+4 Dex+3 Slay+3} for
                  | 1105 gold pieces
 78037 | Zot:1    | Entered Level 1 of the Realm of Zot
 78176 | Zot:1    | Received a gift from Okawaru
 78420 | Zot:1    | Received a gift from Okawaru
 78931 | Zot:1    | Got a diamond-studded scale mail
 79187 | Zot:1    | Noticed an orb of fire
 79472 | Zot:2    | Upgraded the game from 0.20-a0-463-g5747544 to
                  | 0.20-a0-629-gc37eb77
 79883 | Zot:1    | Received a gift from Okawaru
 79967 | Zot:1    | Gained mutation: You do not regenerate when monsters are
                  | visible. [an orb of fire]
 79973 | Zot:1    | Killed an orb of fire
 80640 | Zot:3    | Noticed an orb of fire
 80643 | Zot:3    | Gained mutation: You are dopey. (Int -2) [an orb of fire]
 80653 | Zot:3    | Killed an orb of fire
 80684 | Zot:3    | Received a gift from Okawaru
 80913 | Zot:3    | Noticed an ancient lich
 80917 | Zot:3    | Noticed an ancient lich
 80929 | Zot:3    | Killed an ancient lich
 80938 | Zot:3    | Killed an ancient lich
 80938 | Zot:3    | Reached XP level 27. HP: 139/248 MP: 29/34
 80940 | Zot:3    | Noticed an ancient lich
 81603 | Zot:3    | Killed an ancient lich
 81603 | Zot:3    | Received a gift from Okawaru
 81950 | Zot:3    | Reached skill level 23 in Axes
 82703 | Zot:4    | Upgraded the game from 0.20-a0-629-gc37eb77 to
                  | 0.20-a0-754-g13ddd6e
 83230 | Zot:4    | Received a gift from Okawaru
 83611 | Zot:4    | Received a gift from Okawaru
 83852 | Zot:5    | Entered Level 5 of the Realm of Zot
 84468 | Orc:2    | Bought a scroll of teleportation for 42 gold pieces
 84468 | Orc:2    | Bought 3 scrolls of enchant armour for 315 gold pieces
 84519 | Orc:2    | Upgraded the game from 0.20-a0-754-g13ddd6e to
                  | 0.21-a0-94-gdd6ab6a
 85032 | Zot:5    | Received a gift from Okawaru
 85594 | Zot:5    | Noticed an ancient lich
 85659 | Zot:5    | Noticed an ancient lich
 85665 | Zot:5    | Killed an ancient lich
 85683 | Zot:5    | Noticed an orb of fire
 85758 | Zot:5    | Gained mutation: Scrolls take you a little longer to read.
                  | [an orb of fire]
 85760 | Zot:5    | Gained mutation: You occasionally shout uncontrollably at
                  | your foes. [an orb of fire]
 85763 | Zot:5    | Killed an orb of fire
 86148 | Lair:2   | Lost mutation: You occasionally shout uncontrollably at
                  | your foes. [potion of mutation]
 86148 | Lair:2   | Lost mutation: You are dopey. (Int -2) [potion of mutation]
 86148 | Lair:2   | Lost mutation: You tend to lose your temper in combat.
                  | [potion of mutation]
 86148 | Lair:2   | Lost mutation: Scrolls take you a little longer to read.
                  | [potion of mutation]
 86148 | Lair:2   | Gained mutation: Scrolls take you a little longer to read.
                  | [potion of mutation]
 86148 | Lair:2   | Gained mutation: Your movements are slightly less
                  | encumbered by armour. (ER -2) [potion of mutation]
 86148 | Lair:2   | Gained mutation: Your muscles are strong. (Str +2) [potion
                  | of mutation]
 86575 | Zot:5    | Noticed an orb of fire
 86578 | Zot:5    | Lost mutation: Your muscles are strong. (Str +2) [an orb of
                  | fire]
 86595 | Zot:5    | Killed an orb of fire
 86922 | Zot:5    | Received a gift from Okawaru
 87009 | Zot:5    | Received a gift from Okawaru
 87152 | Zot:5    | Noticed an orb of fire
 87444 | Zot:5    | Noticed an ancient lich
 87531 | Zot:4    | Killed an ancient lich
 87814 | Zot:5    | Noticed an ancient lich
 87852 | Zot:5    | Killed an ancient lich
 88272 | Zot:5    | Received a gift from Okawaru
 88598 | Zot:5    | Noticed an orb of fire
 88608 | Zot:5    | Gained mutation: You are occasionally teleported next to
                  | monsters. [an orb of fire]
 88610 | Zot:5    | Lost mutation: You are occasionally teleported next to
                  | monsters. [an orb of fire]
 88618 | Zot:5    | Killed an orb of fire
 88618 | Zot:5    | Received a gift from Okawaru
 88819 | Zot:5    | Received a gift from Okawaru
 88831 | Zot:5    | Reached skill level 24 in Axes
 88847 | Zot:5    | Received a gift from Okawaru
 89033 | Zot:5    | Noticed an orb of fire
 89039 | Zot:5    | Killed an orb of fire
 89039 | Zot:5    | Received a gift from Okawaru
 89617 | Zot:5    | Got the Orb of Zot
 89685 | Zot:5    | Noticed Futief the pandemonium lord
 90180 | D:$      | Escaped with the Orb!

Levels and vault maps discovered:
D:1:      grunt_arrival_lava_bath, minmay_octomino_j4
D:2:      lemuel_blue_sif_altar, first_bread, minmay_misc_feat_secret_circle,
          uniq_natasha
D:4:      cheibriados_altar_wand_db, serial_shops,
          nicolae_shop_overgrown_old_shop
D:5:      portal_sewer_entry_b, serial_bayou_pond_a
D:6:      kennysheep_mini_moat, serial_corexii_hall, corexii_hall_statues_x,
          corexii_hall_statues_i
D:7:      serial_shops, shop, shop, shop, the_bakery, uniq_prince_ribbit1
D:8:      st_stairs_1, minmay_holes, kennysheep_small_circle, uniq_grum,
          uniq_joseph
D:9:      serial_shops, shop, onia_ninara_cookie
D:10:     nrook_uturn
D:11:     minmay_lair_entry_grove, david_orc_4
D:12:     serial_shops, bzr_entry_gold, grunt_qazlal_sundering, uniq_harold
D:14:     david_vaults_4, nicolae_gozag_zags_fifth_avenue, uniq_louise
D:15:     grunt_enter_depths_giant_problem, minmay_crystal_water,
          xom_teletrap_fun, uniq_azrael
Temple:   regret_index_temple_mists
Lair:1:   serial_bayou_shore_b
Lair:2:   regret_index_wax_grids, elwin_shoals_entry_rocks, enter_volcano_4,
          cheibrodos_lair_reptile_den, lemuel_fruit_fields
Lair:3:   spider_nest_entry_webs, grunt_megastairs_4
Lair:4:   columned_hall_lemuel, lookout_lair_type,
          cheibrodos_lair_caveside_slide, beast_lair_carwin_10,
          infiniplex_staircase_pool, grunt_megastairs_5
Lair:5:   slime_altar_1, special_room, basic_altar
Lair:6:   minmay_lair_end_frog_pond, grunt_forest_large_clearing_hut,
          serial_bayou_shore_b
Shoals:1: argonaut_gorgonesque, uniq_kirke
Shoals:2: serial_shops, shop, portal_ice_cave_entry_pillars_1, uniq_polyphemus
Shoals:3: lemuel_oklob_altar
Shoals:4: shoals_end_grunt_ice, shoals_ilsuiw_alternative, serial_shops,
          nicolae_shop_stone
Spider:1: uniq_donald
Spider:2: nicolae_orb_island
Spider:3: spiders_nest_the_unseen
Spider:4: spider_rune_water
Orc:1:    serial_shops
Orc:2:    st_orc_town, basic_altar, nicolae_orc_lava_room
Elf:1:    elf_arrival_001, serial_shops, shop, minmay_elf_annihilation,
          orc_legates
Elf:2:    serial_shops, nicolae_shop_window_shopping, uniq_aizul
Elf:3:    elf_hall_gauntlet_wide
Vaults:1: st_greater_box_1, vaults_mumra_lcd, nicolae_vaults_network_s,
          v_misc_18, nicolae_vaults_little_squares_3,
          vaults_room_grunt_arrival_ludios, hangedman_vaults_snaps, v_rooms_1,
          v_misc_31, ontoclasm_vaults_loading_screen, ontoclasm_vaults_fault,
          vaults_mumra_chevron, serial_shops, shop, uniq_asterion
Vaults:2: nicolae_vaults_little_squares_3, grunt_vaults_hallway_long, v_misc_17,
          grunt_vaults_focal, ontoclasm_vaults_gallery,
          ontoclasm_vaults_loading_screen
Vaults:3: vaults_room_door_ring, hangedman_vaults_impose, v_misc_15,
          nicolae_vaults_rhombus_5, minmay_crypt_entry_necro_gods,
          vaults_room_door_ring, vaults_mumra_minichess_inversion,
          ontoclasm_vaults_ring_square, nicolae_vaults_rhombus_6,
          nicolae_vaults_triangles, nicolae_vaults_big_ls,
          ontoclasm_vaults_pinch, nicolae_vaults_yaktaur_gun_rack, uniq_boris
Vaults:4: vaults_dpeg_cross, vaults_dpeg_encased_lava,
          nicolae_vaults_circle_grid_b, st_cells, hangedman_vaults_nails,
          serial_ice_g, vaults_room_corners, vaults_room_stairs_pillars,
          portal_desolation_entry_ruin
Vaults:5: uniq_margery
Depths:1: serial_shops, kennysheep_little_box, grunt_mini_vestibule,
          minmay_gold_behind_fungi, lightli_fourway_metalbox, uniq_jorgrun
Depths:2: minmay_five_octagons, serial_shops, kennysheep_mini,
          nicolae_shop_waterfront, minmay_misc_feat_enclosed, hell_entry,
          tso_metal_star, infiniplex_staircase_pool_2
Depths:3: hangedman_hanging_gardens, hell_entry, rand_demon_pan_entry_9,
          kennysheep_minor_cross, abyss_entry_small_statue_room, uniq_frederick,
          uniq_saint_roka
Depths:4: hourglass_vault, hangedman_tar_grid_catacomb, minmay_room_of_horrors,
          hangedman_decor_opposing, kennysheep_kite_vault, uniq_mennas,
          uniq_xtahua
Depths:5: grunt_zot_entry_tricorne, enter_ziggurat_d, dk_noncrumbling_4,
          rand_demon_pan_entry_8, pf_hell_entry_great_geh
Zot:1:    grunt_ministairs_9, hangedman_elemental_corridor
Zot:3:    hangedman_zot_vaults_quadrants

Skill      XL: |  1  2  3  4  5  6  7  8  9 10 11 12 13 14 15 16 17 18 19 20 21 22 23 24 25 26 27 |
---------------+----------------------------------------------------------------------------------+-----
Maces & Flails | 3 4 5 6 7 9 10 11 12 | 12.1
Armour         | 4 5 6 7 9 10 11 12 13 14 15 16 17 18 19 20 22 | 22.2
Fighting       | 4 5 6 7 9 10 11 12 13 14 15 16 17 18 19 20 22 | 22.0
Throwing       | 1 3 4 5 6 7 8 9 10 11 12 13 14 15 16 17 19 | 19.2
Dodging        | 2 3 4 6 7 8 9 10 11 12 13 14 15 16 17 18 20 | 20.4
Shields        | 4 5 6 7 8 9 10 11 12 13 14 15 16 17 18 19 20 22 | 22.3
Evocations     | 1 2 3 4 6 7 8 9 10 11 12 13 14 15 16 17 | 17.6
Invocations    | 3 4 6 7 8 9 10 11 | 11.7
Axes           | 1 6 9 11 12 14 15 16 17 18 19 20 21 22 24 | 24.1

Action                   |  1- 3 |  4- 6 |  7- 9 | 10-12 | 13-15 | 16-18 | 19-21 | 22-24 | 25-27 || total
-------------------------+-------+-------+-------+-------+-------+-------+-------+-------+-------++-------
Melee: Flail             |    66 |   143 |   254 |   462 |   250 |    23 |       |       |       ||  1198
       Headbutt          |     9 |    21 |    63 |   152 |   261 |   365 |   406 |   594 |   591 ||  2462
       War axe           |       |       |       |   218 |   821 |  1279 |  1382 |  1365 |  1551 ||  6616
       Broad axe         |       |       |       |       |       |       |     5 |       |       ||     5
       Morningstar       |       |       |       |       |       |       |       |   293 |       ||   293
Throw: Boomerang         |       |     5 |    38 |    24 |    33 |    30 |       |       |       ||   130
       Javelin           |       |       |       |    17 |   156 |   411 |   209 |   213 |   388 ||  1394
Invok: Heroism           |       |       |     4 |    21 |    29 |    30 |    30 |    36 |    35 ||   185
       Finesse           |       |       |       |     5 |     5 |     9 |     6 |    12 |    19 ||    56
Evoke: Wand              |       |       |       |       |     1 |     2 |     4 |     3 |     1 ||    11
  Use: Scroll            |       |     3 |     6 |     6 |    16 |     6 |    15 |     9 |    14 ||    75
       Potion            |       |     1 |     1 |     2 |       |     1 |     1 |     3 |     6 ||    15
 Stab: Distracted        |       |       |       |       |       |       |     1 |     1 |     1 ||     3
  Eat: Chunk             |       |     8 |    15 |    23 |    46 |    33 |    31 |    39 |    19 ||   214
       Buggy jelly       |       |       |     1 |       |     1 |     2 |       |       |       ||     4
       Buggy ration      |       |       |       |     1 |       |     2 |       |       |       ||     3
       Buggy fruit       |       |       |       |       |       |     1 |     1 |     1 |     1 ||     4
       Ration            |       |       |       |       |       |     1 |     1 |       |     6 ||     8
       Buggy fruit       |       |       |       |       |       |     1 |     1 |     2 |       ||     4
       Buggy fruit       |       |       |       |       |       |     1 |     1 |       |     2 ||     4
Armor: Scale mail        |    24 |    36 |       |       |       |       |       |       |       ||    60
       Chain mail        |       |    32 |   121 |     6 |   229 |    93 |       |       |       ||   481
       Plate armour      |       |       |       |   312 |    95 |   397 |   284 |   314 |   209 ||  1611
       Gold dragon scale |       |       |       |       |       |       |       |       |   124 ||   124
Dodge: Dodged            |    11 |    28 |    52 |   180 |   415 |   761 |   515 |   679 |   606 ||  3247
Block: Shield            |    31 |    80 |   129 |   338 |   490 |  1167 |   742 |       |       ||  2977
       Buckler           |       |       |       |       |    46 |       |       |       |       ||    46
       Reflection        |       |       |       |       |       |   106 |    74 |    82 |    56 ||   318
       Large shield      |       |       |       |       |       |       |    69 |  1625 |  1315 ||  3009

Table legend:
 A = Non-vault XP
 B = Vault XP
 C = Vault XP percentage of total XP
 D = Non-vault monster count
 E = Vault monster count
 F = Vault count percentage of total count
                 A         B        C        D         E       F
            +---------+---------+-------+---------+---------+-------
      Total |       0 |    2791 | 100.0 |       0 |       1 | 100.0
            +---------+---------+-------+---------+---------+-------
      Zot:5 |       0 |    2791 | 100.0 |       0 |       1 | 100.0
            +---------+---------+-------+---------+---------+-------
